 Dungeon Crawl Stone Soup version 0.21-a0-260-g9b2435e (webtiles) character file.

62157 Ijustatesigmund the Fighter (level 15, -3/109 HPs)
             Began as an Octopode Fighter on Sept 6, 2017.
             Was the Champion of Cheibriados.
             Shot with a bolt by a yaktaur (36 damage)
             ... on level 13 of the Dungeon on Sept 7, 2017.
             The game lasted 01:10:13 (21104 turns).

Ijustatesigmund the Fighter (Octopode Fighter)     Turns: 21104, Time: 01:10:13

Health: -3/109     AC:  3    Str: 33    XL:     15   Next: 5%
Magic:  23/23      EV: 19    Int: 26    God:    Cheibriados [******]
Gold:   1927       SH: 25    Dex: 33    Spells: 6/14 levels left

rFire    + . .     SeeInvis +   u - +7 whip (elec)
rCold    + + +     Gourm    .   Q - +3 large shield
rNeg     + . .     Faith    .   a - +0 mask of the Dragon {MR+ Slay+3 SInv}
rPois    +         Spirit   .   V - amulet "Zeceb" {rElec Regen+}
rElec    +         Reflect  .   f - ring of protection from cold
rCorr    .         Harm     .   X - ring of protection from cold
MR       +++..                  l - ring of protection from magic
Stlth    ++++++....             O - ring of wizardry
HPRegen  0.68/turn              t - ring of poison resistance
MPRegen  0.18/turn              J - ring of protection from cold
                                U - +3 ring of strength
                                Y - ring of positive energy

@: very slow
A: almost no armour, stealthy swim, amphibious, 8 rings, constrict 8, tentacle
spike 2, yellow scales 1, camouflage 1, fire resistance 1, gelatinous body 1
a: Bend Time, Temporal Distortion, Slouch, Step From Time, Renounce Religion


You were on level 13 of the Dungeon.
You worshipped Cheibriados.
Cheibriados was exalted by your worship.
You were full.

You visited 3 branches of the dungeon, and saw 20 of its levels.
You also visited: Sewer and Ice Cave.

You collected 1981 gold pieces.
You spent 54 gold pieces at shops.

Inventory:

Hand Weapons
 u - a +7 whip of electrocution (weapon)
Missiles
 p - 4 throwing nets (quivered)
 G - 10 javelins
Armour
 a - the +0 mask of the Dragon (worn) {MR+ Slay+3 SInv}
   (You acquired it on level 2 of the Lair of Beasts)

   It affects your accuracy and damage with ranged weapons and melee attacks
   (+3).
   It affects your resistance to hostile enchantments.
   It lets you see invisible.
 Q - a +3 large shield (worn)
Jewellery
 f - a ring of protection from cold (left tentacle)
 i - an uncursed ring of positive energy
 l - a ring of protection from magic (on tentacle)
 r - an uncursed ring of fire
 s - an uncursed ring of flight
 t - a ring of poison resistance (on tentacle)
 J - a ring of protection from cold (on tentacle)
 O - a ring of wizardry (on tentacle)
 U - a +3 ring of strength (on tentacle)
 V - the amulet "Zeceb" (around mantle) {rElec Regen+}
   (You found it in an ice cave)

   [amulet of regeneration]

   It insulates you from electricity.
   It increases your rate of regeneration.
 X - a ring of protection from cold (right tentacle)
 Y - a ring of positive energy (on tentacle)
Wands
 c - a wand of acid (7/15)
 g - a wand of digging (9/24)
 k - a wand of clouds (6/9)
 q - a wand of iceblast (9/15)
 v - a wand of polymorph (5/24)
 z - a wand of scattershot (6/9)
 E - a wand of confusion (14/48)
 M - a wand of enslavement (15/24)
Scrolls
 n - 9 scrolls of teleportation
 y - 6 scrolls of remove curse
 A - 3 scrolls of recharging
 B - 3 scrolls of magic mapping
 C - 4 scrolls of blinking
 F - 7 scrolls of identify
 N - 2 scrolls of fog
Potions
 m - 3 potions of cancellation
 o - 9 potions of curing
 x - 3 potions of magic
 D - 4 potions of brilliance
 I - 3 potions of mutation
 K - a potion of heal wounds
 L - 3 potions of ambrosia
 P - 2 potions of agility
 R - a potion of resistance
 T - 2 potions of flight
Miscellaneous
 W - a sack of spiders
Comestibles
 d - 12 bread rations
 h - 20 royal jellies
 j - 6 meat rations


   Skills:
 - Level 12.8 Fighting
 - Level 12.0 Maces & Flails
 - Level 7.7 Dodging
 - Level 8.4 Stealth
 + Level 10.9 Shields
 - Level 4.6 Charms
 + Level 1.6 Necromancy
 - Level 4.6 Ice Magic
 + Level 11.7 Invocations
 - Level 7.4 Evocations


You had 6 spell levels left.
You knew the following spells:

 Your Spells              Type           Power        Failure   Level  Hunger
a - Ozocubu's Armour      Chrm/Ice       ###.....     14%         3    ####...
b - Regeneration          Chrm/Necr      ###.......   26%         3    ####...
c - Song of Slaying       Chrm           ###.....     8%          2    ###....


Dungeon Overview and Level Annotations

Branches:
Dungeon (13/15)            Temple (1/1) D:7            Lair (6/6) D:9
 Shoals (0/4) Lair:2        Snake (0/4) Lair:4        Slime (0/5) Lair:5
    Orc (0/2) D:9          Vaults (0/5) D:13

Altars:
Ashenzari
Cheibriados
Dithmenos
Elyvilon
Fedhas
Gozag
Hepliaklqana
Kikubaaqudgha
Makhleb
Nemelex Xobeh
Okawaru
Qazlal
Ru
Sif Muna
Trog
Uskayaw
Vehumet
Wu Jian
Xom
Yredelemnul
Zin
The Shining One

Shops:
D:6 %*(%   D:8 [

Annotations:
D:11 1 runed door


Innate Abilities, Weirdness & Mutations

You cannot wear most types of armour.
You are very stealthy in the water. (Stealth+)
You are amphibious.
You can wear up to eight rings at the same time.
You can use your tentacles to constrict eight enemies at once.
Your skin changes colour to match your surroundings (Stealth+).
Your rubbery body absorbs attacks. (AC +1, EV +1)
One of your tentacles bears a nasty spike.
You are partially covered in yellow scales. (AC +2)
Your flesh is heat resistant. (rF+)


Message History

Found a gate to the Vaults.
You see here a bolt.
The yaktaur shouts! x2; The centaur warrior shouts!
You hit the unseen horror. You grab the unseen horror.
You pierce the unseen horror.
You squeeze the unseen horror.
The unseen horror is moderately wounded.
You constrict the unseen horror. You block the unseen horror's attack.
The yaktaur wields an arbalest.
The yaktaur shoots a bolt.
The bolt closely misses you.
You whack the unseen horror!
Lightning courses through the unseen horror!
You kill the unseen horror!
Cheibriados thoroughly appreciates the change of pace.
The yaktaur wields an arbalest.
The yaktaur shoots a bolt.
You block the bolt.
The centaur warrior wields an uncursed shortbow.
The centaur warrior shoots an arrow.
You block the arrow.
The centaur warrior shoots an arrow.
You block the arrow.
The yaktaur captain shoots a bolt.
The bolt hits you!!!
The yaktaur shoots a bolt.
The bolt hits you!!!
You die...

##...# .. ......
#...# ..##.....
....... ####.....#
#.c..l...#
#.c......#
..#.c......#
#..#.c..(...#
#.......#@#.## #
......∩#....#.#
.#...###.#....#
#.........##.#
#...#.#.#.# # >.
#(........#
...###...#...#
...###..##...#
#............##.....


You could see a yaktaur captain, a centaur warrior, 2 yaktaurs and an iguana.

Vanquished Creatures
  Gastronok (Lair:3)
  A fire dragon (Lair:6)
  4 hydras
  2 ice dragons (IceCv)
  The ghost of zero the Severer, a journeyman MiBe of Trog (D:11)
  Erica (D:8)
  4 centaur warriors
  3 two-headed ogres
  7 death yaks (Lair:5)
  Urug (Lair:5)
  3 unseen horrors
  A swamp dragon (Lair:6)
  Pikel (D:8)
  A cyclops (D:11)
  A wolf spider (Lair:6)
  An ugly thing (D:12)
  2 manticores
  A guardian serpent (Lair:6)
  2 ice statues (IceCv)
  8 elephants
  3 merfolk sirens (Lair:2)
  7 black mambas
  A gargoyle (D:13)
  18 spiny frogs
  4 rime drakes
  8 komodo dragons
  2 ice devils (D:13)
  A merfolk (Lair:2)
  3 meliai (D:13)
  A polar bear (Lair:4)
  2 hornets (Lair:6)
  Grinder (D:3)
  11 blink frogs
  7 hippogriffs
  2 redbacks (Lair:6)
  Sigmund (D:3)
  26 yaks
  11 wyverns
  4 basilisks
  A warg (D:9)
  3 nagas (Lair:4)
  26 water moccasins
  2 acid dragons (Lair:6)
  5 porcupines
  3 swamp drakes (Lair:6)
  A black bear (D:8)
  5 orc warriors
  20 ice beasts
  3 sky beasts
  2 slaves (D:8)
  An eye of draining (D:9)
  6 wolves (Lair:1)
  3 phantoms
  A necrophage (D:9)
  2 ogres
  11 centaurs
  2 big kobolds
  11 crocodiles
  17 bullfrogs
  A wyvern zombie (D:8)
  A scorpion (D:5)
  2 howler monkeys
  An electric eel (Lair:1)
  2 crimson imps
  A bullfrog zombie (D:11)
  A centaur zombie (D:10)
  2 bullfrog skeletons
  2 hounds
  A centaur skeleton (D:10)
  5 orc priests
  10 orc wizards
  13 jellies
  Jessica (D:3)
  7 iguanas
  Ijyb (D:3)
  Terence (D:3)
  9 worker ants
  2 hound zombies
  A hound skeleton (D:5)
  3 gnolls (D:2)
  3 river rats
  21 adders
  3 shadow imps
  10 oozes
  3 adder skeletons
  2 adder zombies
  A worm (D:5)
  A dart slug (D:2)
  7 leopard geckos
  35 orcs
  3 giant cockroaches
  9 goblins
  5 hobgoblins
  8 jackals
  22 kobolds
  A quokka (D:3)
  12 ball pythons
  9 bats
  5 frilled lizards
  A quokka zombie (D:6)
  33 rats
  A plant (Lair:6)
546 creatures vanquished.

Vanquished Creatures (others)
  27 fungi
  32 plants
59 creatures vanquished.

Grand Total: 605 creatures vanquished

Notes
Turn   | Place    | Note
-------+----------+-------------------------------------------
     0 | D:1      | Ijustatesigmund the Octopode Fighter began the quest for the Orb.
     0 | D:1      | Reached XP level 1. HP: 16/16 MP: 1/1
   329 | D:1      | Reached XP level 2. HP: 20/21 MP: 2/2
   811 | D:2      | Reached XP level 3. HP: 15/26 MP: 0/3
   943 | D:2      | Found a glowing silver altar of Zin.
  1318 | D:2      | Reached XP level 4. HP: 32/32 MP: 4/4
  1641 | D:3      | Noticed Jessica
  1650 | D:3      | Killed Jessica
  1650 | D:3      | Reached XP level 5. HP: 35/37 MP: 3/5
  1770 | D:3      | Noticed Ijyb
  1785 | D:3      | Killed Ijyb
  1901 | D:3      | Noticed Grinder
  1902 | D:3      | Noticed Terence
  1929 | D:3      | Killed Terence
  1929 | D:3      | Reached skill level 1 in Stealth
  2034 | D:3      | Paralysed by Grinder for 5 turns
  2043 | D:3      | Killed Grinder
  2043 | D:3      | Reached XP level 6. HP: 25/44 MP: 1/6
  2049 | D:3      | Reached skill level 5 in Maces & Flails
  2053 | D:3      | Reached XP level 7. HP: 20/63 MP: 0/7
  2305 | D:3      | Reached XP level 8. HP: 56/70 MP: 8/8
  2434 | D:3      | Found a white marble altar of Elyvilon.
  2458 | D:3      | Noticed Sigmund
  2467 | D:3      | Killed Sigmund
  3096 | D:5      | Entered Level 5 of the Dungeon
  3115 | D:5      | Found a glowing drain.
  3134 | Sewer    | Entered a sewer
  3956 | D:2      | Gained mutation: You occasionally shout uncontrollably at your foes. [potion of mutation]
  3956 | D:2      | Gained mutation: You have very sharp teeth. [potion of mutation]
  3956 | D:2      | Gained mutation: Your flesh is cold resistant. (rC+) [potion of mutation]
  4193 | D:5      | Reached skill level 5 in Stealth
  4221 | D:5      | Reached XP level 9. HP: 61/75 MP: 9/9
  4327 | D:5      | Lost mutation: You occasionally shout uncontrollably at your foes. [potion of mutation]
  4327 | D:5      | Lost mutation: You have very sharp teeth. [potion of mutation]
  4327 | D:5      | Lost mutation: Your flesh is cold resistant. (rC+) [potion of mutation]
  4327 | D:5      | Gained mutation: One of your tentacles bears a spike. [potion of mutation]
  4327 | D:5      | Gained mutation: You are partially covered in yellow scales. (AC +2) [potion of mutation]
  4327 | D:5      | Gained mutation: One of your tentacles bears a nasty spike. [potion of mutation]
  4327 | D:5      | Gained mutation: Your flesh is heat resistant. (rF+) [potion of mutation]
  4722 | D:6      | Found an ornate altar of the Wu Jian Council.
  4745 | D:6      | Found Icziq's Antique Weapon Boutique.
  4760 | D:6      | Found Uczoq's Food Shop.
  4965 | D:6      | Found Kihoqupu's Assorted Antiques.
  4971 | D:6      | Bought a scroll labeled RUUXEDD FAOT for 27 gold pieces
  4971 | D:6      | Bought a scroll labeled PETEHO DIPT for 27 gold pieces
  5064 | D:6      | Found Qustuaf's Food Emporium.
  5210 | D:6      | Found a hide-covered altar of Uskayaw.
  5357 | D:7      | Found an opulent altar of Gozag.
  5533 | D:7      | Found a staircase to the Ecumenical Temple.
  5552 | Temple   | Entered the Ecumenical Temple
  5893 | Temple   | Became a worshipper of Cheibriados the Contemplative
  6120 | D:7      | Found a sparkling altar of Nemelex Xobeh.
  6366 | D:8      | Reached skill level 1 in Invocations
  6367 | D:8      | Reached * piety under Cheibriados
  6482 | D:8      | Noticed Erica
  6488 | D:8      | Killed Erica
  6488 | D:8      | Reached XP level 10. HP: 35/81 MP: 5/12
  7049 | D:8      | Found a sacrificial altar of Ru.
  7151 | D:8      | Found Nulleqai's Armour Boutique.
  7404 | D:8      | Noticed Pikel
  7414 | D:8      | Killed Pikel
  7575 | D:9      | Found a radiant altar of Vehumet.
  7620 | D:9      | Found a stormy altar of Qazlal.
  7636 | D:9      | Found a staircase to the Lair.
  7636 | D:9      | Noticed a two-headed ogre
  7648 | D:9      | Reached skill level 5 in Dodging
  7650 | D:9      | Killed a two-headed ogre
  7650 | D:9      | Reached skill level 5 in Invocations
  7655 | D:9      | Reached ** piety under Cheibriados
  7799 | D:9      | Learned a level 3 spell: Ozocubu's Armour
  7825 | D:9      | Found a hazy altar of Hepliaklqana.
  7929 | D:9      | Found a sacrificial altar of Ru.
  8225 | D:9      | Noticed a two-headed ogre
  8240 | D:9      | Killed a two-headed ogre
  8240 | D:9      | Reached XP level 11. HP: 58/87 MP: 6/15
  8570 | D:9      | Found a staircase to the Orcish Mines.
  8869 | D:10     | Entered Level 10 of the Dungeon
  8904 | D:10     | Noticed a centaur warrior
  8916 | D:10     | Killed a centaur warrior
  9028 | D:10     | Reached *** piety under Cheibriados
  9028 | D:10     | Reached skill level 5 in Shields
  9092 | D:10     | Noticed a two-headed ogre
  9098 | D:10     | Killed a two-headed ogre
  9298 | D:9      | Killed an unseen horror
 10228 | D:11     | Noticed a manticore
 10236 | D:11     | Killed a manticore
 10327 | D:11     | Found a shimmering altar of Xom.
 10420 | D:11     | Killed an unseen horror
 10535 | D:11     | Noticed zero's ghost (journeyman MiBe)
 10535 | D:11     | Found a glowing silver altar of Zin.
 10535 | D:11     | Noticed an angel
 10582 | D:11     | Killed zero's ghost
 10655 | D:11     | Found a runed door.
 11160 | D:12     | Noticed a centaur warrior
 11381 | D:11     | Killed a centaur warrior
 11383 | D:11     | Reached **** piety under Cheibriados
 11619 | D:11     | Reached XP level 12. HP: 55/92 MP: 10/18
 12565 | D:12     | Reached skill level 10 in Maces & Flails
 13238 | D:13     | Found a frozen archway.
 13257 | IceCv    | Entered an ice cave
 13339 | IceCv    | Reached ***** piety under Cheibriados
 13542 | IceCv    | Noticed an ice dragon
 13542 | IceCv    | Noticed an ice dragon
 13551 | IceCv    | Got a scintillating pewter amulet
 13557 | IceCv    | Killed an ice dragon
 13565 | IceCv    | Killed an ice dragon
 13610 | IceCv    | Identified the amulet "Zeceb" {rElec Regen+} (You found it in an ice cave)
 13932 | D:13     | Noticed a centaur warrior
 13944 | D:13     | Killed a centaur warrior
 13944 | D:13     | Reached skill level 10 in Invocations
 13960 | D:13     | Found a sacrificial altar of Ru.
 13970 | D:13     | Noticed a centaur warrior
 13977 | D:13     | Reached XP level 13. HP: 90/98 MP: 20/20
 14402 | Lair:1   | Entered Level 1 of the Lair of Beasts
 15429 | Lair:2   | Found a staircase to the Shoals.
 15783 | Lair:2   | Learned a level 3 spell: Regeneration
 15821 | Lair:2   | Identified a scroll of acquirement
 15822 | Lair:2   | Found the +0 mask of the Dragon {MR+ Slay+3 SInv}
 16169 | Lair:2   | Upgraded the game from 0.21-a0-258-g4c0eb85 to 0.21-a0-260-g9b2435e
 16247 | Lair:3   | Reached skill level 1 in Evocations
 16880 | Lair:3   | Noticed Gastronok
 16895 | Lair:3   | Killed Gastronok
 17074 | Lair:4   | Reached ****** piety under Cheibriados
 17293 | Lair:4   | Found a staircase to the Snake Pit.
 17344 | Lair:4   | Reached XP level 14. HP: 104/104 MP: 22/22
 17525 | Lair:4   | Reached skill level 1 in Ice Magic
 17884 | Lair:5   | Reached skill level 1 in Charms
 17889 | Lair:5   | Noticed Urug
 17900 | Lair:5   | Killed Urug
 18036 | Lair:5   | Reached skill level 10 in Shields
 18137 | Lair:5   | Found a staircase to the Slime Pits.
 18905 | Lair:6   | Entered Level 6 of the Lair of Beasts
 20594 | Lair:6   | Reached skill level 1 in Necromancy
 20594 | Lair:6   | Reached XP level 15. HP: 55/109 MP: 17/23
 20716 | Lair:6   | Identified the Almanac of Hurtful Beguiling
 20948 | Lair:1   | Learned a level 2 spell: Song of Slaying
 21101 | D:13     | Found a gate to the Vaults.
 21104 | D:13     | Shot with a bolt by a yaktaur

Vault maps used:
D:1:      eino_arrival_tree_alley, minmay_close_crescents
D:2:      zin_scriptorium, first_bread
D:3:      marbit_many_paths, uniq_ijyb, uniq_sigmund, uniq_terence,
          uniq_jessica, uniq_grinder
D:5:      portal_sewer_entry_b
D:6:      nicolae_overflow_crystal_walls, kennysheep_mini, serial_shops,
          nicolae_shop_trees, shop, shop, shop, minmay_misc_feat_diagonals
D:7:      lemuel_upstairs_altar, overflow_temple_1_default,
          kennysheep_mini_moat, temple_hall
D:8:      serial_shops, shop, nicolae_ru_sacrificial_ziggurat, uniq_erica,
          uniq_pikel
D:9:      overflow_temple_1_default, lemuel_crystal_altar, lemuel_crystal_altar,
          lemuel_doored_altar, david_lair_generic, david_orc_1_choice,
          hangedman_little_slice_of_home, serial_bayou_ford_a
D:11:     basic_altar, lemuel_angel_altar
D:12:     st_stairs_3, statue_in_the_mist_lemuel
D:13:     david_vaults_2, serial_shops, nicolae_shop_trees,
          portal_ice_cave_demonic_guard, basic_altar
Temple:   minmay_temple_forest_path
Lair:1:   infiniplex_staircase_pool
Lair:2:   elwin_shoals_entry_stream, minmay_holes, lemuel_fruit_fields
Lair:3:   uniq_gastronok
Lair:4:   minmay_snake_entry_guardpost_small, grunt_megastairs_1
Lair:5:   nicolae_slime_entry_slimehenge, uniq_urug
Lair:6:   guppyfry_lair_end_dragon, hangedman_lair_tendril_chambers
Sewer:    sewer_minmay_w
IceCv:    ice_cave_small_dragons

Skill      XL: |  1  2  3  4  5  6  7  8  9 10 11 12 13 14 |
---------------+-------------------------------------------+-----
Maces & Flails | 3 4 5 7 8 9 11 12 | 12.0
Fighting       | 4 12 | 12.8
Stealth        | 3 5 6 8 |  8.4
Dodging        | 4 5 6 7 |  7.7
Invocations    | 3 5 8 10 11 | 11.7
Shields        | 4 6 8 9 10 | 10.9
Evocations     | 7 |  7.4
Ice Magic      | 4 |  4.6
Charms         | 4 |  4.6
Necromancy     | 1 |  1.6

Action                   |  1- 3 |  4- 6 |  7- 9 | 10-12 | 13-15 || total
-------------------------+-------+-------+-------+-------+-------++-------
Melee: Flail             |    66 |    46 |    46 |       |       ||   158
       Constrict         |    22 |    13 |    54 |    46 |    74 ||   209
       Tentacles         |    11 |     5 |    43 |   157 |   202 ||   418
       Unarmed           |       |     5 |       |       |       ||     5
       Whip              |       |       |   239 |   418 |   493 ||  1150
       Bite              |       |       |     4 |       |       ||     4
       Kick              |       |       |    35 |   242 |   338 ||   615
Throw: Throwing net      |       |       |       |       |     1 ||     1
 Cast: Ozocubu's Armour  |       |       |       |     1 |     1 ||     2
Invok: Bend Time         |       |       |       |     2 |     4 ||     6
       Slouch            |       |       |       |       |     3 ||     3
Evoke: Wand              |       |       |     1 |     6 |     8 ||    15
  Use: Potion            |     2 |     6 |     6 |     6 |     2 ||    22
       Scroll            |     2 |     1 |    13 |    14 |    19 ||    49
 Stab: Sleeping          |     3 |     3 |    39 |    22 |    28 ||    95
       Distracted        |       |     4 |     3 |     2 |     6 ||    15
       Invisible         |       |       |       |     2 |       ||     2
  Eat: Chunk             |     1 |     2 |    12 |     8 |     4 ||    27
       Fruit             |       |       |     3 |     2 |    18 ||    23
       Royal jelly       |       |       |       |     1 |       ||     1
Armor: Skin              |     5 |     2 |    31 |    24 |    23 ||    85
Dodge: Dodged            |    31 |    24 |   124 |   132 |   155 ||   466
Block: Shield            |    33 |    15 |   104 |    38 |       ||   190
       Large shield      |       |       |       |   247 |   443 ||   690

Table legend:
 A = Spawn XP
 B = Non-spawn XP
 C = Spawn XP percentage of total XP
 D = Spawn monster count
 E = Non-spawn monster count
 F = Spawn count percentage of total count
 G = Total turns spent on level
                    A         B        C        D         E        F      G
               +---------+---------+-------+---------+---------+-------+---------
         Total |       0 |   88259 |   0.0 |       0 |     543 |   0.0 | 21104
               +---------+---------+-------+---------+---------+-------+---------
           D:1 |       0 |      29 |   0.0 |       0 |      17 |   0.0 |   758
           D:2 |       0 |     115 |   0.0 |       0 |      23 |   0.0 |  1029
           D:3 |       0 |     750 |   0.0 |       0 |      33 |   0.0 |  1086
           D:4 |       0 |     102 |   0.0 |       0 |      14 |   0.0 |   404
           D:5 |       0 |     947 |   0.0 |       0 |      29 |   0.0 |   782
           D:6 |       0 |     268 |   0.0 |       0 |      10 |   0.0 |   507
           D:7 |       0 |     417 |   0.0 |       0 |      16 |   0.0 |   688
           D:8 |       0 |    2427 |   0.0 |       0 |      23 |   0.0 |  1171
           D:9 |       0 |    5504 |   0.0 |       0 |      39 |   0.0 |  1817
          D:10 |       0 |    2616 |   0.0 |       0 |      17 |   0.0 |   976
          D:11 |       0 |    5208 |   0.0 |       0 |      28 |   0.0 |  2218
          D:12 |       0 |    2862 |   0.0 |       0 |      25 |   0.0 |  1042
          D:13 |       0 |    6655 |   0.0 |       0 |      18 |   0.0 |   453
        Lair:1 |       0 |    6354 |   0.0 |       0 |      25 |   0.0 |  1015
        Lair:2 |       0 |    4255 |   0.0 |       0 |      16 |   0.0 |   894
        Lair:3 |       0 |    6447 |   0.0 |       0 |      14 |   0.0 |   803
        Lair:4 |       0 |    4644 |   0.0 |       0 |      20 |   0.0 |   797
        Lair:5 |       0 |   16913 |   0.0 |       0 |      52 |   0.0 |  1645
        Lair:6 |       0 |   15932 |   0.0 |       0 |      56 |   0.0 |  1394
         Sewer |       0 |     333 |   0.0 |       0 |      48 |   0.0 |   660
         IceCv |       0 |    5481 |   0.0 |       0 |      20 |   0.0 |   570
               +---------+---------+-------+---------+---------+-------+---------
